 Dungeon Crawl Stone Soup version 0.30-a0-250-g41c1d76940 (webtiles) character file.

Game seed: 10522037355655583833

182 themarg the Chopper (level 5, -1/47 HPs)
             Began as a Minotaur Monk on Oct 13, 2022.
             Slain by a scorpion (5 damage)
             ... on level 4 of the Dungeon.
             The game lasted 00:03:42 (2222 turns).

themarg the Chopper (Minotaur Monk)                 Turns: 2222, Time: 00:03:43

Health: -1/47      AC:  5    Str: 22    XL:     5   Next: 35%
Magic:  4/4        EV: 12    Int:  7    God:
Gold:   143        SH:  0    Dex: 13    Spells: 4/4 levels left

rFire   . . .      SeeInvis .    a - +0 hand axe
rCold   x . .      Faith    .    (no shield)
rNeg    . . .      Spirit   .    e - +0 ring mail
rPois   .          Reflect  .    (helmet restricted)
rElec   .          Harm     .    (no cloak)
rCorr   .          Rampage  .    (no gloves)
Will    .....                    (no boots)
Stlth   +.........               y - amulet of magic regeneration
HPRegen 0.27/turn                p - ring "Amoucw" {Wiz +Blink rC- Str+5}
MPRegen 0.49/turn                (no ring)

@: mighty, lethally poisoned (-1 -> -12)
A: horns 2, retaliatory headbutt
a: Evoke Blink


You were on level 4 of the Dungeon.
You visited 1 branch of the dungeon, and saw 4 of its levels.

You collected 143 gold pieces.

Inventory:

Hand Weapons
 a - a +0 hand axe (weapon)
Missiles
 f - 7 poisoned darts (quivered)
 i - 17 stones
 o - a throwing net
 x - 4 boomerangs
Armour
 e - a +0 ring mail (worn)
Jewellery
 p - the ring "Amoucw" (left hand) {Wiz +Blink rC- Str+5}
   (You found it on level 2 of the Dungeon)

   [ring of wizardry]

   It improves your spell success rate.
   Str:       It affects your strength (+5).
   rC:        It makes you vulnerable to cold.
   +Blink:    It lets you blink.
 s - a ring of flight
 y - an amulet of magic regeneration (around neck)
Wands
 w - a wand of paralysis (2)
 A - a wand of mindburst (11)
Scrolls
 b - a scroll of brand weapon {unknown}
 g - a scroll of poison {unknown}
 h - a scroll of magic mapping {unknown}
 j - 3 scrolls of teleportation {unknown}
 k - 2 scrolls of noise {unknown}
 l - 6 scrolls of identify {unknown}
 m - 2 scrolls of enchant weapon {unknown}
 q - 2 scrolls of enchant armour {unknown}
 t - a scroll of blinking {unknown}
 v - 2 scrolls of vulnerability {unknown}
 B - a scroll of immolation {unknown}
Potions
 c - a potion of curing {unknown}
 d - a potion of degeneration {unknown}
 n - a potion of attraction {unknown}
 r - 3 potions of haste {unknown}
 u - a potion of might
 z - a potion of mutation {unknown}


   Skills:
 + Level 4.8 Fighting
 + Level 4.8 Axes
 + Level 4.3 Dodging
 + Level 2.8 Stealth


You had 4 spell levels left.
You didn't know any spells.
Your spell library contained the following spells:

 Spells                   Type           Power      Damage    Failure   Level
 Sandblast                Erth           0%         2d4       28%         1
 Slow                     Hex            0%         N/A       28%         1
 Blink                    Tloc           0%         N/A       41%         2
 Passwall                 Tmut/Erth      0%         N/A       41%         2
 Confusing Touch          Hex            0%         N/A       63%         3
 Stone Arrow              Conj/Erth      0%         3d7       63%         3
 Vampiric Draining        Necr           0%         2d6       63%         3
 Manifold Assault         Tloc           0%         N/A       95%         4
 Storm Form               Tmut/Air       0%         N/A       100%        7


Dungeon Overview and Level Annotations

Branches:
Dungeon (4/15)
 Temple: D:4-7

Altars:
Yredelemnul


Innate Abilities, Weirdness & Mutations

You have a pair of horns on your head.
You reflexively headbutt those who attack you in melee.


Message History

Found an escape hatch in the floor.
A scorpion comes into view.
A scorpion is nearby!
The scorpion stings you.
You are poisoned.
The scorpion poisons you!
You hit the scorpion but do no damage.
You feel very sick. The scorpion stings you!
You are more poisoned.
The scorpion poisons you! The scorpion stings you.
You are lethally poisoned!
The scorpion poisons you!
You are too injured to fight recklessly!
You hit the scorpion. You headbutt the scorpion.
The scorpion is moderately wounded.
You feel extremely sick. The scorpion closely misses you.
You furiously retaliate!
You headbutt the scorpion. You closely miss the scorpion.
The scorpion is heavily wounded.
You feel very sick. The scorpion barely misses you. You furiously retaliate!
You headbutt the scorpion, but do no damage.
You fail to use your ability.
* * * LOW HITPOINT WARNING * * *
You feel very sick. The scorpion closely misses you. You furiously retaliate!
You headbutt the scorpion, but do no damage.
It was a potion of might.
You feel very mighty all of a sudden.
* * * LOW HITPOINT WARNING * * *
You feel very sick.
The scorpion stings you but does no damage.
You closely miss the scorpion.
The scorpion is heavily wounded.
* * * LOW HITPOINT WARNING * * *
You feel very sick. The scorpion stings you.
You die...

#....+...........
#...##...........
#
#...##...........
#.
#......####......
###.####...##.#
#......
...........##.#
###..#.
...........##.#
#..##
...........##.#
#..#
.......@...##..
#..#
...>...s#######
#... ........#
##.. ..!......
... ######...
##.. #...# #...#
#####


You could see a scorpion.

Vanquished Creatures
  An orc priest (D:3)
  Robin (D:4)
  3 gnolls (D:2)
  4 adders
  An ufetubus (D:4)
  2 orcs (D:3)
  5 bats
  4 endoplasms
  4 giant cockroaches
  13 hobgoblins
  2 quokkas (D:1)
  5 ball pythons
  2 frilled lizards
  12 goblins
  3 kobolds
  8 rats
70 creatures vanquished.

Notes
Turn   | Place    | Note
-------+----------+-------------------------------------------
     0 | D:1      | themarg the Minotaur Monk began the quest for the Orb.
     0 | D:1      | Reached XP level 1. HP: 19/19 MP: 0/0
   155 | D:1      | Reached XP level 2. HP: 27/27 MP: 1/1
   765 | D:2      | Reached XP level 3. HP: 33/33 MP: 2/2
   883 | D:2      | Identified the ring "Amoucw" {Wiz +Blink rC- Str+5}
  1073 | D:2      | Reached XP level 4. HP: 18/41 MP: 3/3
  1639 | D:3      | Reached XP level 5. HP: 42/47 MP: 4/4
  1754 | D:3      | Found a basalt altar of Yredelemnul.
  2087 | D:4      | Noticed Robin
  2095 | D:4      | Killed Robin
  2222 | D:4      | Slain by a scorpion

Illustrated notes

Levels and vault maps discovered:
D:1:      heliophobic_arrival_glass_houses, layout_rooms,
          minmay_misc_feat_roman, kennysheep_small_spiral, minmay_tromino_mix6
D:2:      layout_loops_ring
D:3:      layout_basic, mainiacjoe_overflow_alcove_1, grunt_ministairs_12,
          chequers_arboretum, ebering_dispersal_statue_hall
D:4:      layout_basic, lemuel_coloured_pillars_altar, serial_glass,
          glass_columns_a, glass_columns_a, uniq_robin

Skill      XL: |  1  2  3  4 |
---------------+-------------+-----
Stealth        | 2 |  2.8
Fighting       | 4 |  4.8
Axes           | 4 |  4.8
Dodging        | 4 |  4.3

Action                   |  1- 3 |  4- 6 || total
-------------------------+-------+-------++-------
Melee: Hand axe          |    85 |    62 ||   147
       Headbutt          |    10 |    11 ||    21
       Punch             |     1 |       ||     1
  Use: Potion            |     1 |     1 ||     2
 Stab: Sleeping          |     1 |     2 ||     3
Armor: Robe              |     6 |       ||     6
       Ring mail         |    27 |    19 ||    46
Dodge: Dodged            |    80 |    30 ||   110

Table legend: (Time is in decaauts)
 A = Elapsed time spent in this place.
 B = Non-inter-level travel time spent in this place.
 C = Inter-level travel time spent in this place.
 D = Time resting spent in this place.
 E = Time spent auto-exploring this place.
 F = Levels seen in this place.
 G = Mean time per level.
                   A        B        C        D        E       F      G
               +--------+--------+--------+--------+--------+-----+--------+
         Total |   2233 |   2199 |     34 |     87 |   1716 |   4 |  558.2 |
       Dungeon |   2233 |   2199 |     34 |     87 |   1716 |   4 |  558.2 |
               +--------+--------+--------+--------+--------+-----+--------+

Top non-repeatable levels by time:
     D:1: 768 daAuts
     D:2: 737 daAuts
     D:3: 467 daAuts
     D:4: 259 daAuts
